 Dungeon Crawl Stone Soup version 0.28.0-49-g6dfe1f597d (webtiles) character file.

Game seed: 8268451721288992804

4832 pkoi the Grappler (level 10, 0/78 HPs)
             Began as a Demigod Gladiator on May 12, 2022.
             Slain by a hornet (6 damage)
             ... on level 9 of the Dungeon.
             The game lasted 00:18:43 (14916 turns).

pkoi the Grappler (Demigod Gladiator)              Turns: 14916, Time: 00:18:45

Health: 0/78       AC:  2    Str: 19    XL:     10   Next: 5%
Magic:  0/19       EV: 24    Int: 24    God:
Gold:   438        SH:  0    Dex: 20    Spells: 12/17 levels left

rFire   . . .      SeeInvis .     - Unarmed
rCold   . . .      Faith    .   (shield currently unavailable)
rNeg    . . .      Spirit   +   (armour currently unavailable)
rPois   x          Reflect  .   (helmet currently unavailable)
rElec   .          Harm     .   (cloak currently unavailable)
rCorr   .          Rampage  .   (gloves currently unavailable)
Will    +....                   (boots currently unavailable)
Stlth   ++........              j - amulet of guardian spirit
HPRegen 0.23/turn               h - +6 ring of intelligence
MPRegen 0.16/turn               u - +4 ring of evasion

@: about to teleport, spider-form (expiring), slowed, very slow
A: venomous fangs, tiny, high MP 1, forlorn, divine attributes
a: End Transformation


You were on level 9 of the Dungeon.
You were a venomous arachnid creature.
You visited 1 branch of the dungeon, and saw 9 of its levels.

You collected 438 gold pieces.

Inventory:

Hand Weapons
 e - a +1 vampiric dagger
 f - a +0 whip
 n - a +0 dagger of flaming
 C - the +9 halberd "Kopp" {drain, rF+ Will+ Str-2}
   (You found it on level 8 of the Dungeon)

   A truly terrible weapon, it drains the life of any living foe it strikes.
   Str:       It affects your strength (-2).
   rF:        It protects you from fire.
   Will:      It increases your willpower.
Missiles
 c - 4 throwing nets (quivered)
Armour
 a - a +0 leather armour
 b - a +0 helmet (melded)
 d - the +1 robe of the Butcher (melded) {rF+ Will+ Int+4}
   (You found it on level 5 of the Dungeon)

   Int:       It affects your intelligence (+4).
   rF:        It protects you from fire.
   Will:      It increases your willpower.
 o - a +0 pair of gloves (melded)
 p - a +0 scale mail
 v - a +1 cloak of poison resistance (melded)
Jewellery
 h - a +6 ring of intelligence (left front leg)
 j - an amulet of guardian spirit (around neck)
 k - a ring of ice
 m - a ring of flight
 u - a +4 ring of evasion (right front leg)
Wands
 w - a wand of iceblast (9)
 A - a wand of flame (18)
 D - a wand of digging (11)
Scrolls
 g - a scroll of enchant weapon
 q - a scroll of teleportation
 x - a scroll of summoning
 y - 5 scrolls of identify
 B - 2 scrolls of enchant armour
 E - a scroll of magic mapping
Potions
 i - 2 potions of brilliance
 l - a potion of flight
 s - 2 potions of attraction
 t - a potion of might
 z - a potion of ambrosia


   Skills:
 - Level 4.0 Fighting
 - Level 1.7 Throwing
 - Level 3.0 Armour
 - Level 3.0 Dodging
 * Level 9.8 Unarmed Combat
 + Level 4.0 Spellcasting
 + Level 2.8 Translocations
 + Level 4.4 Transmutations
 + Level 4.2 Poison Magic
 + Level 2.0 Evocations


You had 12 spell levels left.
You knew the following spells:

 Your Spells              Type           Power      Damage    Failure   Level
a - Beastly Appendage     Tmut           52%        N/A       7%          1
b - Apportation           Tloc           36%        N/A       11%         1
c - Spider Form           Tmut/Pois      25%        N/A       14%         3

Your spell library contained the following spells:

 Spells                   Type           Power      Damage    Failure   Level
 Wereblood                Tmut           26%        N/A       9%          2
 Animate Skeleton         Necr           8%         N/A       24%         1
 Summon Small Mammal      Summ           16%        N/A       24%         1
 Scorch                   Fire           8%         2d5       32%         2
 Flame Wave               Conj/Fire      4%         2d5       85%         4
 Summon Cactus Giant      Summ           2%         N/A       100%        6


Dungeon Overview and Level Annotations

Branches:
Dungeon (9/15)             Temple (0/1) D:7
   Lair: D:8-11         Orc: D:9-12


Innate Abilities, Weirdness & Mutations

You are a venomous arachnid creature.
You have poisonous fangs.
You are tiny and dextrous.
Your spellcasting is less reliable in this form.
Your armour is entirely melded.
You are incapable of wielding weapons or throwing items.
You have an increased reservoir of magic. (+10% MP)
You shall have no god before yourself.
Your divine heritage dramatically boosts your attributes as you level up.


Message History

The hornet stings you.
* * * LOW HITPOINT WARNING * * *
You are lethally poisoned!
You feel as though you will be slow longer.
The hornet stings you!
* * * LOW HITPOINT WARNING * * *
You feel as though you will be slow longer.
The troll bites you.
* * * LOW HITPOINT WARNING * * *
The troll claws you!
* * * LOW HITPOINT WARNING * * *
The troll barely misses you.
You can move again.
Unknown command.
Unknown command.
Unknown command.
Unknown command.
Okay, then.
Unknown command.
Unknown command.
Okay, then.
Unknown command.
Okay, then.
Unknown command.
Okay, then.
Unknown command.
You feel better.
Your transformation is almost over.
The hornet completely misses you. The troll completely misses you. x2
The troll claws you!
* * * LOW HITPOINT WARNING * * *
The hornet misses you.
As you read the scroll of teleportation, it crumbles to dust.
You feel strangely unstable. The hornet stings you!
* * * LOW HITPOINT WARNING * * *
You shrug off the repeated paralysis!
The troll bites you!
* * * LOW HITPOINT WARNING * * *
The troll completely misses you. The troll closely misses you.
The hornet stings you!
You die...

#.###......
.............. #.......
#.............#........
#................##....
#............##.# #....
#...........# #....
##..........# .....
.......T....# .) .#..
#...ys....##...# #...
####..........# ....
#.##.#...####.# #...
#..#####.#.### ....
#..##.#......# #...
#...#....##..######[..
#...#.######..........
#.....#.###...........
#.........#.....##....


You could see a troll and a hornet.

Vanquished Creatures
  Pikel (D:5)
  A cyclops (D:9)
  2 trolls (D:9)
  Grinder (D:6)
  A wyvern (D:9)
  A steam dragon (D:6)
  Duvessa (D:5)
  2 hornet zombies
  An ice beast (D:6)
  2 orc warriors
  A sky beast (D:7)
  2 black bears (D:5)
  2 ogres
  A necrophage (D:4)
  3 centaurs
  4 lemures
  A phantom (D:5)
  A kobold brigand (D:9)
  A bullfrog (D:8)
  Blork the orc (D:6)
  4 scorpions
  A water moccasin zombie (D:6)
  A wyvern skeleton (D:7)
  Dowan (D:5)
  A water moccasin skeleton (D:6)
  A howler monkey (D:5)
  A bullfrog zombie (D:5)
  2 hounds (D:5)
  A jelly (D:5)
  2 centaur zombies
  Crazy Yiuf (D:6)
  9 orc priests
  2 bullfrog skeletons
  An iguana (D:5)
  10 orc wizards
  A killer bee zombie (D:6)
  A howler monkey zombie (D:9)
  5 adders
  A howler monkey skeleton (D:6)
  A shadow imp (D:6)
  2 white imps (D:6)
  2 ufetubi
  5 dart slugs
  A worm (D:2)
  31 orcs
  6 ball pythons
  6 bats
  9 endoplasms
  2 giant cockroaches (D:2)
  3 goblins
  7 hobgoblins
  5 jackals
  12 kobolds
  A quokka (D:5)
  3 frilled lizards
  7 rats
179 creatures vanquished.

Notes
Turn   | Place    | Note
-------+----------+-------------------------------------------
     0 | D:1      | pkoi the Demigod Gladiator began the quest for the Orb.
     0 | D:1      | Reached XP level 1. HP: 17/17 MP: 3/3
    36 | D:1      | Reached skill level 3 in Unarmed Combat
   347 | D:1      | Reached XP level 2. HP: 24/24 MP: 4/4
  1543 | D:1      | Reached skill level 4 in Unarmed Combat
  1543 | D:1      | Reached XP level 3. HP: 12/29 MP: 5/5
  2924 | D:3      | Reached XP level 4. HP: 27/36 MP: 3/6
  4051 | D:3      | Reached skill level 5 in Unarmed Combat
  4226 | D:3      | Reached XP level 5. HP: 31/41 MP: 5/7
  4497 | D:4      | Noticed a necrophage
  4513 | D:4      | Killed a necrophage
  4514 | D:4      | Reached skill level 1 in Armour
  4859 | D:4      | Reached skill level 6 in Unarmed Combat
  4859 | D:4      | Reached XP level 6. HP: 48/49 MP: 8/8
  5170 | D:3      | HP: 2/50 [orc wizard/staff of fire (3)]
  5806 | D:5      | Entered Level 5 of the Dungeon
  6213 | D:5      | Reached XP level 7. HP: 46/57 MP: 2/9
  6220 | D:5      | Reached skill level 7 in Unarmed Combat
  6236 | D:5      | Identified the +1 robe of the Butcher {rF+ Will+ Int+4}
  6530 | D:4      | Learned a level 1 spell: Beastly Appendage
  6809 | D:5      | Learned a level 1 spell: Apportation
  6824 | D:5      | Noticed Duvessa
  6824 | D:5      | Noticed Dowan
  6882 | D:4      | Learned a level 3 spell: Spider Form
  7243 | D:5      | HP: 2/58 [Duvessa/+0 rapier (8)]
  7892 | D:5      | Reached skill level 1 in Spellcasting
  7892 | D:5      | Reached skill level 1 in Transmutations
  8271 | D:5      | Noticed Pikel
  8512 | D:5      | Killed Duvessa
  8513 | D:5      | Reached XP level 8. HP: 49/66 MP: 5/12
  8708 | D:5      | Killed Dowan
  8942 | D:5      | Reached skill level 1 in Poison Magic
  9080 | D:5      | Killed Pikel
  9081 | D:5      | Reached skill level 8 in Unarmed Combat
  9715 | D:6      | Found a runed translucent door.
  9716 | D:6      | Noticed Crazy Yiuf
  9723 | D:6      | Killed Crazy Yiuf
  9970 | D:6      | Noticed Grinder
 10428 | D:6      | Noticed Blork the orc
 10517 | D:6      | Killed Grinder
 10518 | D:6      | Reached XP level 9. HP: 71/71 MP: 13/16
 11255 | D:6      | Reached skill level 9 in Unarmed Combat
 11255 | D:6      | Reached skill level 1 in Translocations
 11596 | D:6      | Killed Blork the orc
 12262 | D:7      | Found a staircase to the Ecumenical Temple.
 12883 | D:8      | Identified the +9 halberd "Kopp" {drain, rF+ Will+ Str-2}
 12984 | D:8      | Identified the +1 leather armour of Haced {rF- rN+ Int+3
                  | SInv}
 13286 | D:9      | Reached skill level 1 in Evocations
 14542 | D:9      | Noticed a cyclops
 14561 | D:9      | Killed a cyclops
 14562 | D:9      | Reached XP level 10. HP: 78/78 MP: 15/19
 14911 | D:9      | Paralysed by a hornet for 3 turns
 14916 | D:9      | Slain by a hornet

Illustrated notes

Levels and vault maps discovered:
D:1:      minmay_arrival_diagonal_passages, layout_loops_cross
D:2:      layout_basic, basic_altar, shapermc_ecumenical_altar_notcrosses,
          minmay_nonomino_d4
D:3:      layout_loops_corners, nicolae_qazlal_scattered_showers,
          elyvilon_altar_4
D:4:      layout_rooms
D:5:      layout_basic, uniq_duvessa, uniq_pikel
D:6:      wander_river, layout_cave_pools, minmay_fountain_box,
          minmay_misc_feat_five, uniq_grinder, uniq_blork_the_orc,
          uniq_crazy_yiuf_cottage
D:7:      layout_basic, okawaru_metal_pillars_1_2,
          minmay_temple_entry_sparse_star
D:8:      layout_basic, nicolae_kikubaaqudgha_miasma_corner
D:9:      layout_cave_pools, nicolae_overflow_hidden_temple,
          hangedman_incinerator

Skill      XL: |  1  2  3  4  5  6  7  8  9 10 |
---------------+-------------------------------+-----
Unarmed Combat | 3 4 5 6 7 8 9 |  9.8
Fighting       | 2 3 4 |  4.0
Armour         | 1 2 3 |  3.0
Dodging        | 3 |  3.0
Spellcasting   | 1 2 4 |  4.0
Transmutations | 1 3 4 |  4.4
Poison Magic   | 2 4 |  4.2
Translocations | 2 |  2.8
Evocations     | 1 2 |  2.0
Throwing       | |  1.7

Action                   |  1- 3 |  4- 6 |  7- 9 | 10-12 || total
-------------------------+-------+-------+-------+-------++-------
Melee: Unarmed           |   201 |   255 |   319 |    30 ||   805
       Punch             |     6 |     9 |    11 |     1 ||    27
       Kick              |       |       |     3 |       ||     3
       Headbutt          |       |       |     2 |       ||     2
       Halberd           |       |       |    10 |       ||    10
Throw: Throwing net      |       |     4 |       |       ||     4
 Cast: Spider Form       |       |       |    29 |     3 ||    32
       Beastly Appendage |       |       |     4 |       ||     4
 Abil: End Transformatio |       |       |     1 |       ||     1
  Use: Scroll            |     7 |     3 |     8 |     1 ||    19
       Potion            |     4 |     3 |     1 |     1 ||     9
 Stab: Sleeping          |     5 |       |       |       ||     5
       Distracted        |     1 |       |     1 |       ||     2
Armor: Leather armour    |    64 |    10 |       |       ||    74
       Scale mail        |       |    79 |    12 |       ||    91
       Robe              |       |       |    34 |     2 ||    36
       Skin              |       |       |     6 |     1 ||     7
Dodge: Dodged            |   124 |    98 |   299 |    32 ||   553
